 Dungeon Crawl Stone Soup version 0.20.2 (webtiles) character file.

509 Alfie the Shooter (level 6, 0/52 HPs)
             Began as a Minotaur Hunter on Mar 24, 2020.
             Slain by a worm (8 damage)
             ... on level 5 of the Dungeon.
             The game lasted 00:14:38 (3095 turns).

Alfie the Shooter (Minotaur Hunter)                 Turns: 3095, Time: 00:14:39

Health: 0/52       AC:  3    Str: 18    XL:     6   Next: 98%
Magic:  5/5        EV: 13    Int:  8    God:
Gold:   218        SH:  0    Dex: 11    Spells: 5/5 levels left

rFire    . . .     SeeInvis .   a - +1 shortbow
rCold    . . .     Gourm    .   (shield currently unavailable)
rNeg     . . .     Faith    .   c - +0 leather armour
rPois    .         Spirit   .   (helmet restricted)
rElec    .         Reflect  .   (no cloak)
rCorr    .         Harm     .   (no gloves)
MR       .....                  (no boots)
Stlth    ++........             (no amulet)
Regen    0.2/turn               j - ring of stealth
MPRegen  0.1/turn               (no ring)

@: about to teleport, very slightly contaminated, invisible
A: retaliatory headbutt, horns 2
a: no special abilities


You were on level 5 of the Dungeon.
You were not hungry.

You visited 1 branch of the dungeon, and saw 6 of its levels.
You also visited: Sewer.

You collected 218 gold pieces.

Inventory:

Hand Weapons
 a - a +1 shortbow (weapon)
 b - a +1 short sword
Missiles
 d - 2 arrows (quivered)
Armour
 c - a +0 leather armour (worn)
 i - a scarf of cloud immunity
Jewellery
 j - a ring of stealth (left hand)
Scrolls
 g - 2 scrolls of teleportation
 l - 2 scrolls of remove curse
 m - a scroll of blinking
Potions
 e - a potion of mutation {unknown}
 k - 2 potions of brilliance
 n - 2 potions of might
Comestibles
 f - a meat ration


   Skills:
 + Level 3.8 Fighting
 + Level 1.9 Short Blades
 + Level 7.2 Bows
 + Level 2.3 Armour
 + Level 3.7 Dodging
 + Level 1.4 Stealth


You had 5 spell levels left.
You didn't know any spells.

Dungeon Overview and Level Annotations

Branches:
Dungeon (6/15)
 Temple: D:4-7

Altars:
Fedhas
Gozag
Kikubaaqudgha
Makhleb
Okawaru
Qazlal
Trog

Annotations:
D:3 Alfie's ghost, amateur MiHu
D:5 Blork the orc
D:6 Dowan; Duvessa


Innate Abilities, Weirdness & Mutations

You reflexively headbutt those who attack you in melee.
You have a pair of horns on your head.


Message History

Firing (i - inventory):
d - 3 arrows (quivered)
Press: ? - help, Shift-Dir - straight line, f/p - Blork the orc
Aim: Blork the orc, wielding a long sword and wearing a robe (severely wounded, fast, unusually resistant)
You shoot an arrow. The arrow hits Blork the orc.
Blork the orc is almost dead.
The phantom hits you!
* * * LOW HITPOINT WARNING * * *
The phantom blinks!
Blork the orc casts a spell at you. The magic dart hits you!
* * * LOW HITPOINT WARNING * * *
Okay, then.
It was a potion of invisibility.
You fade into invisibility!
Blork the orc closely misses you.
You are very lightly contaminated with residual magic.
As you read the scroll of teleportation, it crumbles to dust.
You feel strangely unstable. Blork the orc barely misses you.
The worm bites you!
You die...

#######...
#.@o.((..(
#w#####.#.
#. .. .W.
.... ....#
#.##.


You could see a phantom, Blork the orc and a worm.

Vanquished Creatures
  An ice beast (D:4)
  2 vampire bats (D:4)
  A hound (D:4)
  2 orc priests
  An orc wizard (D:3)
  Jessica (D:2)
  A worker ant (D:4)
  A hound skeleton (D:4)
  4 adders
  An ooze (D:1)
  4 worms (D:2)
  2 dart slugs
  5 leopard geckos
  3 orcs
  6 bat skeletons (D:4)
  A bat zombie (D:4)
  7 giant cockroaches
  7 goblins
  5 hobgoblins
  5 jackals
  3 quokkas
  2 ball pythons (Sewer)
  4 bats
  13 frilled lizards
  15 kobolds
  A quokka skeleton (D:4)
  10 rats
  A plant (Sewer)
109 creatures vanquished.

Notes
Turn   | Place    | Note
-------+----------+-------------------------------------------
     0 | D:1      | Alfie the Minotaur Hunter began the quest for the Orb.
     0 | D:1      | Reached XP level 1. HP: 18/18 MP: 0/0
    50 | D:1      | Reached XP level 2. HP: 23/25 MP: 1/1
    65 | D:1      | Reached skill level 5 in Bows
   650 | D:1      | Reached XP level 3. HP: 30/30 MP: 2/2
   898 | D:2      | Noticed Jessica
   909 | D:2      | Killed Jessica
   909 | D:2      | Reached XP level 4. HP: 37/37 MP: 3/3
   997 | D:2      | Reached skill level 6 in Bows
  1144 | D:2      | Found a burning altar of Makhleb.
  1175 | D:2      | Reached skill level 1 in Armour
  1200 | D:2      | Found a bloodstained altar of Trog.
  1529 | D:3      | Reached XP level 5. HP: 45/45 MP: 4/4
  1677 | D:3      | Noticed Alfie's ghost (amateur MiHu)
  1769 | D:4      | Found a glowing drain.
  1815 | Sewer    | Entered a sewer
  1852 | Sewer    | Reached skill level 1 in Stealth
  2588 | D:4      | Found an iron altar of Okawaru.
  2590 | D:4      | Found a blossoming altar of Fedhas.
  2594 | D:4      | Reached skill level 1 in Short Blades
  2636 | D:4      | Reached XP level 6. HP: 50/51 MP: 5/5
  2655 | D:4      | Found an opulent altar of Gozag.
  2783 | D:4      | Found an ancient bone altar of Kikubaaqudgha.
  2793 | D:4      | Reached skill level 7 in Bows
  2979 | D:4      | Noticed an ice beast
  2987 | D:4      | Killed an ice beast
  3039 | D:4      | You fall through a shaft!
  3039 | D:5      | Entered Level 5 of the Dungeon
  3039 | D:5      | Found a stormy altar of Qazlal.
  3054 | D:6      | Noticed Duvessa
  3054 | D:6      | Noticed Dowan
  3084 | D:5      | Noticed Blork the orc
  3095 | D:5      | Slain by a worm

Skill      XL: |  1  2  3  4  5  6 |
---------------+-------------------+-----
Bows           | 5 6 7 |  7.2
Armour         | 1 2 |  2.3
Fighting       | 3 |  3.8
Stealth        | 1 |  1.4
Short Blades   | 1 |  1.9
Dodging        | 3 |  3.7

Action                   |  1- 3 |  4- 6 || total
-------------------------+-------+-------++-------
Melee: Short sword       |    30 |   141 ||   171
       Headbutt          |     2 |    25 ||    27
 Fire: Shortbow          |    63 |   129 ||   192
  Use: Scroll            |     3 |     7 ||    10
       Potion            |     2 |     6 ||     8
 Stab: Sleeping          |       |     1 ||     1
  Eat: Bread ration      |       |     2 ||     2
Armor: Leather armour    |    13 |    50 ||    63
Dodge: Dodged            |    44 |   138 ||   182
